 Dungeon Crawl Stone Soup version 0.18-a0-844-g9229740 (webtiles) character file.

6 Gorice the Ducker (level 1, -2/8 HPs)
             Began as a Felid Wanderer on Dec 18, 2015.
             Slain by a hobgoblin (3 damage)
             ... on level 1 of the Dungeon.
             The game lasted 00:01:30 (314 turns).

Gorice the Ducker (Felid Wanderer)                   Turns: 314, Time: 00:01:30

Health: -2/8       AC:  1    Str:  8    XL:     1   Next: 75%
Magic:  5/5        EV: 19    Int: 12    God:
Gold:   30         SH:  0    Dex: 16    Spells: 1 memorised, 5 levels left
                                        Lives:  0   Deaths: 0

rFire  . . .     SeeInvis +       - Unarmed
rCold  . . .     Gourm    .     (armour unavailable)
rNeg   . . .     Faith    .     (shield unavailable)
rPois  .         Spirit   .     (helmet unavailable)
rElec  .         Dismiss  .     (cloak unavailable)
rCorr  .         Reflect  .     (gloves unavailable)
SustAt .         Harm     .     (boots unavailable)
MR     .....                    (no amulet)
Stlth  ++........               (no ring)
                                (no ring)

@: quick, not resistant to hostile enchantments, unstealthy
A: no armour, no weapons or thrown items, claws 1, fangs 3, see invisible,
carnivore 3, speed 1, shaggy fur 1, slow metabolism 1, sharp paws
a: no special abilities


You were on level 1 of the Dungeon.
You were completely stuffed.

You visited 1 branch of the dungeon, and saw 1 of its levels.

You collected 30 gold pieces.

Inventory:

Scrolls
 b - a scroll of teleportation {!r}
Potions
 d - a potion of curing {unknown}
Books
 a - the Grimoire of Augmentations

   Spells                             Type                      Level
   a - Infusion                       Charms                       1
   b - Spectral Weapon                Hexes/Charms                 3
Comestibles
 c - a meat ration {!e}
 f - a chunk of flesh


   Skills:
 + Level 0.4 Fighting
 + Level 4.1 Dodging
 - Level 1.3 Stealth
 * Level 1.0 Unarmed Combat
 - Level 3.0 Spellcasting
   Level 1.0 Summonings
   Level 1.0 Ice Magic
   Level 1.1 Evocations


You had 5 spell levels left.
You knew the following spells:

 Your Spells              Type           Power        Failure   Level  Hunger
a - Infusion              Chrm           #.....       28%         1    #......


Dungeon Overview and Level Annotations

Branches:
Dungeon (1/15)

Altars:


Innate Abilities, Weirdness & Mutations

You cannot wear armour.
You are incapable of wielding weapons or throwing items.
You have sharp claws.
You have razor-sharp teeth.
You have supernaturally acute eyesight.
You are carnivorous and can eat meat at any time.
You cover ground quickly.
You are covered in fur (AC +1).
You have a slow metabolism.
Your sharp claws are effective at attacking unaware monsters.


Message History

You continue eating. x2
Found a pair of boots.
A ball python and a rat come into view.
Found 10 gold pieces.
Found a stone staircase leading down.
The rat closely misses you.
You scratch the rat.
You kill the rat!
No target in view!
No target in view!
No target in view!
You see here a rat corpse.
You butcher the rat corpse.
f - a chunk of flesh You now have 25 gold pieces (gained 10).
Unknown command.
Unknown command.
You open the door.
There is an open door here.
You enter the shallow water.
Moving in this stuff is going to be slow.
As you open the door, it creaks loudly!
There is an open door here.
You now have 30 gold pieces (gained 5).
Found 4 stones.
A hobgoblin comes into view.
A bat and a hobgoblin come into view.
You start resting.
The hobgoblin shouts!
The hobgoblin throws a stone.
The stone hits you but does no damage.
You see here a stone.
The hobgoblin throws a stone.
The stone hits you but does no damage.
You see here a stone.
The hobgoblin throws a stone.
The stone misses you.
The hobgoblin shouts!
You scratch the hobgoblin.
The hobgoblin is heavily wounded.
The hobgoblin hits you with a club.
Damage: 3 (max 3)
You barely miss the hobgoblin.
The hobgoblin is heavily wounded.
The hobgoblin closely misses you.
You scratch the hobgoblin.
You kill the hobgoblin!
Your Unarmed Combat skill increases to level 1!
A goblin comes into view. It is wielding a dagger.
You closely miss the hobgoblin. The hobgoblin hits you.
* * * LOW HITPOINT WARNING * * *
Damage: 2 (max 3)
You barely miss the hobgoblin. The hobgoblin hits you.
You die...

##.......#####...#
###.[......... ....# .
.......>########..g#####.#
..#.##..#.................
. #.......................
#...#...................
#...#..#######...#
.........# #g(.#
......###.## #@..# ###..#
#..# ##.).### #..# ##.#
#......# ###..# #.#
#....#.#
....######'####.(..#.#
###.#≈≈≈≈#...#..(.##.#
#.#≈##≈#.#.#.......#
#.#≈≈≈≈###.#(......#
#.'≈<#≈#≈≈.#..###.###.


You could see a hobgoblin and a goblin (wandering).

Vanquished Creatures
  2 hobgoblins (D:1)
  2 jackals (D:1)
  A giant cockroach (D:1)
  A rat (D:1)
6 creatures vanquished.

Notes
Turn   | Place    | Note
--------------------------------------------------------------
     0 | D:1      | Gorice the Felid Wanderer began the quest for the Orb.
     0 | D:1      | Gorice set off with: the Grimoire of Augmentations, a scroll of teleportation {!r}, a meat ration {!e}
     0 | D:1      | Reached XP level 1. HP: 7/7 MP: 5/5
     1 | D:1      | Identified the Grimoire of Augmentations
   117 | D:1      | Learned a level 1 spell: Infusion
   310 | D:1      | Reached skill level 1 in Unarmed Combat
   313 | D:1      | HP: 1/8 [hobgoblin (2)]
   314 | D:1      | Slain by a hobgoblin

Vault maps used:
D:1:      ncdulo_wetmaze

Action                   || total
-------------------------++-------
Melee: Unarmed           ||    20
  Eat: Chunk             ||     6

Table legend:
 A = Turns spent in this place as a percentage of turns spent in the entire game.
 B = Non-inter-level travel turns spent in this place as a percentage of non-inter-level travel turns spent in the entire game.
 C = Inter-level travel turns spent in this place as a percentage of turns spent in this place.
 D = Turns resting spent in this place as a percentage of non-inter-level travel turns spent in this place.
 E = Turns spent auto-exploring this place as a percentage of non-inter-level travel turns spent in this place.
 F = Non-inter-level travel turns spent in this place divided by the number of levels of this place that you've seen.
                   A       B       C       D       E      F
               +-------+-------+-------+-------+-------+----------------------
         Total | 100.0 | 100.0 |   0.0 |   3.6 |   9.0 | 111.0
       Dungeon | 100.0 | 100.0 |   0.0 |   3.6 |   9.0 | 111.0
               +-------+-------+-------+-------+-------+----------------------

Vault maps used:
D:1:      ncdulo_wetmaze
